 Dungeon Crawl Stone Soup version 0.30-a0-358-g0d69a1922f (webtiles) character file.

Game seed: 12361425496301435896

238089 p00ps00p the Executioner (level 19, 0/187 HPs)
             Began as a Hill Orc Fighter on Nov 9, 2022.
             Was an Initiate of Gozag.
             Slain by a white very ugly thing (25 damage)
             ... on level 2 of the Swamp.
             The game lasted 01:53:52 (45914 turns).

p00ps00p the Executioner (Hill Orc Fighter)        Turns: 45914, Time: 01:53:53

Health: 0/187      AC: 30    Str: 33    XL:     19   Next: 25%
Magic:  0/17       EV:  8    Int: 10    God:    Gozag
Gold:   1889       SH: 24    Dex: 10    Spells: 18/18 levels left

rFire   + . .      SeeInvis +    e - +7 broad axe (vamp)
rCold   + . .      Faith    .    k - +0 tower shield {rF+}
rNeg    + + .      Spirit   .    R - +1 plate armour {rPois}
rPois   +          Reflect  +    C - +0 mask of the Dragon {Will+ Slay+3 SInv}
rElec   .          Harm     .    j - +0 cloak {rC+}
rCorr   +          Rampage  .    u - +2 pair of gloves {infuse}
Will    ++...                    m - +2 pair of boots of Zinohux {Regen+}
Stlth   ..........               n - amulet of reflection
HPRegen 0.00/turn                w - ring "Uckirch" {rN+ Stlth+}
MPRegen 0.15/turn                G - ring "Idghun" {rN+ rCorr Str+6 Int+2}

@: about to teleport, gold aura, sick, glowing
A: low MP 1
}: 2/15 runes: serpentine, abyssal
a: Renounce Religion, Potion Petition, Call Merchant, Bribe Branch


You were on level 2 of the Swamp.
You worshipped Gozag.
Gozag was most pleased with you.
You visited 5 branches of the dungeon, and saw 28 of its levels.
You visited the Abyss 1 time.
You also visited: Sewer, Bailey, Gauntlet and Ice Cave.

You collected 12877 gold pieces.
You spent 6423 gold pieces at shops.
You paid 4565 gold pieces to Gozag.

Inventory:

Hand Weapons
 a - a +1 war axe of flaming
 e - a +7 vampiric broad axe (weapon)
Missiles
 i - 11 silver javelins (quivered)
 p - 38 javelins
Armour
 j - a +0 cloak of cold resistance (worn)
 k - a +0 tower shield of fire resistance (worn)
 m - the +2 pair of boots of Zinohux (worn) {Regen+}
   (You acquired it on level 11 of the Dungeon)

   Regen:     It increases your rate of health regeneration.
 u - a +2 pair of gloves of infusion (worn)
 C - the +0 mask of the Dragon (worn) {Will+ Slay+3 SInv}
   (You bought it in a shop on level 15 of the Dungeon)

   Slay:      It affects your accuracy & damage with ranged weapons and melee
   (+3).
   SInv:      It lets you see invisible.
   Will:      It increases your willpower.
 E - the +1 plate armour of the Blizzard {rElec Dex+2 SInv}
   (You took it off a gnoll bouda on level 1 of the Orcish Mines)

   Dex:       It affects your dexterity (+2).
   rElec:     It insulates you from electricity.
   SInv:      It lets you see invisible.
 R - a +1 plate armour of poison resistance (worn)
Jewellery
 b - a ring of poison resistance
 h - a +4 ring of evasion
 n - an amulet of reflection (around neck)
 w - the ring "Uckirch" (left hand) {rN+ Stlth+}
   (You acquired it on level 6 of the Dungeon)

   [ring of positive energy]

   rN:        It protects you from negative energy.
   Stlth:     It makes you more stealthy.
 F - the ring of Byuschikix {Fly rF+ Int+2}
   (You found it in a Gauntlet)

   [ring of flight]

   Int:       It affects your intelligence (+2).
   rF:        It protects you from fire.
   Fly:       It grants you flight.
 G - the ring "Idghun" (right hand) {rN+ rCorr Str+6 Int+2}
   (You found it in an ice cave)

   [ring of positive energy]

   Str:       It affects your strength (+6).
   Int:       It affects your intelligence (+2).
   rN:        It protects you from negative energy.
   rCorr:     It protects you from acid and corrosion.
 M - the ring "Fodyst" {rF- rC+ Dex+6 Stlth+}
   (You bought it in a shop on level 1 of the Dungeon)

   [ring of dexterity]

   Dex:       It affects your dexterity (+6).
   rF:        It makes you vulnerable to fire.
   rC:        It protects you from cold.
   Stlth:     It makes you more stealthy.
Wands
 f - a wand of roots (12)
 s - a wand of paralysis (24)
 v - a wand of quicksilver (1)
 y - a wand of flame (40)
 N - a wand of polymorph (12)
Scrolls
 c - 2 scrolls of summoning
 q - 5 scrolls of fear
 r - 13 scrolls of teleportation
 x - 3 scrolls of amnesia
 z - 9 scrolls of fog
 B - 2 scrolls of magic mapping
 P - 3 scrolls of poison
 U - a scroll of silence
 W - a scroll of brand weapon
Potions
 d - 16 potions of curing
 g - 6 potions of mutation
 l - 6 potions of brilliance
 o - 3 potions of magic
 t - 3 potions of invisibility
 D - 2 potions of berserk rage
 H - 4 potions of heal wounds
 J - 3 potions of ambrosia
 L - a potion of haste
 Q - 4 potions of lignification
 T - 2 potions of might
 V - 2 potions of resistance
 Y - 2 potions of flight
 Z - 3 potions of cancellation
Miscellaneous
 A - a condenser vane
 O - a phantom mirror


   Skills:
 + Level 20.6 Fighting
 + Level 22.1 Axes
 + Level 20.9 Armour
 + Level 19.1 Shields


You had 18 spell levels left.
You didn't know any spells.
Your spell library contained the following spells:

 Spells                   Type           Power      Damage    Failure   Level
 Freeze                   Ice            0%         1d3       97%         1
 Kiss of Death            Conj/Necr      0%         2d5       97%         1
 Sting                    Tmut/Pois      0%         1d3       97%         1
 Blink                    Tloc           0%         N/A       99%         2
 Passwall                 Tmut/Erth      0%         N/A       99%         2
 Static Discharge         Conj/Air       0%         2-2/arc   99%         2
 Confusing Touch          Hex            0%         N/A       100%        3
 Dazzling Flash           Conj/Hex       0%         N/A       100%        3
 Frozen Ramparts          Ice            0%         1d1       100%        3
 Gell's Gravitas          Tloc           0%         N/A       100%        3
 Hailstorm                Conj/Ice       0%         3d3       100%        3
 Ozocubu's Armour         Ice            0%         N/A       100%        3
 Teleport Other           Tloc           0%         N/A       100%        3
 Vhi's Electric Charge    Tloc/Air       0%         N/A       100%        3
 Dispel Undead            Necr           0%         3d6       100%        4
 Manifold Assault         Tloc           0%         N/A       100%        4
 Olgreb's Toxic Radiance  Pois           0%         N/A       100%        4
 Agony                    Necr           0%         N/A       100%        5
 Arcjolt                  Conj/Air       0%         1d10      100%        5
 Lightning Bolt           Conj/Air       0%         1d11      100%        5
 Metabolic Englaciation   Hex/Ice        0%         N/A       100%        5
 Silence                  Hex/Air        0%         N/A       100%        5
 Dispersal                Tloc           0%         N/A       100%        6
 Iron Shot                Conj/Erth      0%         9d1       100%        6
 Ozocubu's Refrigeration  Ice            0%         4d7       100%        7
 Storm Form               Tmut/Air       0%         N/A       100%        7
 Ignition                 Fire           0%         3d3       100%        8
 Shatter                  Erth           0%         3d5*      100%        9
 Simulacrum               Ice/Necr       Unusable   N/A       N/A         6

Dungeon Overview and Level Annotations

Branches:
Dungeon (15/15)            Temple (0/1) D:7            Lair (5/5) D:9
  Swamp (2/4) Lair:2        Snake (4/4) Lair:3        Slime (0/5) Lair:4
    Orc (2/2) D:11            Elf (0/3) Orc:2        Vaults (0/5) D:13
 Depths (0/4) D:15          Sewer (visited)          Bailey (visited)
  IceCv (visited)         Gauntlet (visited)

Altars:
Ashenzari
Dithmenos
Elyvilon
Fedhas
Gozag
Hepliaklqana
Kikubaaqudgha
Makhleb
Nemelex Xobeh
Okawaru
Qazlal
Ru
Uskayaw
Vehumet
Wu Jian
Xom
Yredelemnul
Beogh

Shops:
D:1 *   D:6 (   D:7 *   D:8 ?   D:15 [[   Orc:1 [!*([   Orc:2 :([*   Lair:3 *
Snake:1 !**=   Snake:4 !

Portals:
Hell: Lair:5
Abyss: Swamp:2

Annotations:
Swamp:2 1 transporter, Hubris850's ghost, journeyman MiGl


Innate Abilities, Weirdness & Mutations

Your magical capacity is low. (-10% MP)


Message History

The quicksilver dragon skeleton claws you but does no damage.
There is a gateway leading out of the Abyss, spattered with blood here.
You see here 45 gold pieces.
The ancient zyme is no longer distracted by gold.
The reaper hits you but does no damage.
You block the quicksilver dragon skeleton's attack.
The quicksilver dragon skeleton claws you but does no damage.
You pass through the gate.
Welcome back to the Swamp!
Level annotation: 1 transporter, Hubris850's ghost, journeyman MiGl The great orb of eyes gazes at you.
You resist with almost no effort.
You block the white very ugly thing's attack.
You slash the spriggan druid!
You feel better.
The spriggan druid is moderately wounded.
You slash the white very ugly thing! You block the spriggan druid's attack.
The white very ugly thing tentacle-slaps you.
The white very ugly thing freezes you! You resist.
* * * LOW HITPOINT WARNING * * *
As you read the scroll of teleportation, it crumbles to dust.
You feel strangely unstable.
The spriggan druid casts a spell at you.
The stone arrow reflects off an invisible shield around you!
The stone arrow hits the spriggan druid!!
You kill the spriggan druid!
Tentacles burst from the starspawn's body!
You block the white very ugly thing's attack. 2 starspawn tentacles come into view.
You hit the white very ugly thing.
The white very ugly thing is lightly wounded.
The daeva calls down the wrath of Xom upon you.
Xom smites you!
* * * LOW HITPOINT WARNING * * *
The great orb of eyes gazes at you. You resist with almost no effort.
The white very ugly thing tentacle-slaps you!
* * * LOW HITPOINT WARNING * * *
The white very ugly thing freezes you!! You resist.
You die...
Your body crumbles into a pile of gold.

~~.~♣§~~~~~~..♣...~...~~~♣.♣♣
~~§♣♣.~~§~~~.......~....~~..♣
..♣♣♣♣.....................♣♣
...♣.~.....................~♣
~.~..~......####....###....~♣♣
~~.♣.~...####.♣##..##.##..~~.♣
..~♣♣~...#...G♣.#.##..©#..~..♣
..♣♣.....##.##..###.♣.##..§~♣♣
~~.♣♣.....#####.@w─♣###....~.♣♣
~~~~..........##u♣#│###...♣..~♣
~~§~...........#AX^│#.......)♣♣♣
~§~~~~....###..##wV©#©....~.[.~♣♣
~~~~~~...##p##..#:..##........~.♣
~~~~~~..##.*.#.##....##...~.....♣
~.......##...###.^#...#....~~~...
..♣..~...##.^#^.♣♣.#..##..~......
♣♣♣~.~....#!##. ##∩....#.....(...


You could see a daeva, a white very ugly thing, a tentacled starspawn, a great
orb of eyes and 2 starspawn tentacles.

Vanquished Creatures
  A juggernaut (Abyss:3)
  Vashnia (Snake:4)
  Nikola (Snake:1)
  Rupert (D:14)
  Asterion (Snake:4)
  2 tentacled starspawn (Abyss:3)
  Gastronok (Orc:1)
  A fenstrider witch (Swamp:2)
  4 nagarajas
  A frost giant (D:12)
  A ghost moth (Abyss:3)
  A fire giant (D:12)
  An angel (Abyss:3)
  3 orc warlords
  Nessos (D:14)
  2 ophanim (Abyss:3)
  The ghost of greasedhog the Fighter, a journeyman OgFi of Okawaru (Orc:1)
  2 eleionomae
  2 bunyips (Swamp:1)
  Azrael (D:12)
  A black draconian (Abyss:3)
  A dire elephant (Lair:5)
  A minotaur (Gauntlet)
  A blizzard demon (Gauntlet)
  2 ettins
  The ghost of sirJeffrey23 the Fighter, a journeyman FoFi of Yredelemnul (D:9)
  A vault guard (D:13)
  A great orb of eyes (Abyss:3)
  A rakshasa (Abyss:3)
  6 hydras
  3 ogre magi
  4 salamander tyrants
  3 catoblepae
  A radroach (shapeshifter) (Abyss:3)
  3 centaur warriors
  13 anacondas
  5 boulder beetles
  3 dancing weapons (Abyss:3)
  2 death yaks
  10 naga warriors
  16 two-headed ogres
  2 tengu warriors
  2 thrashing horrors (Abyss:3)
  An alligator (Swamp:1)
  2 orc high priests
  10 shock serpents
  19 naga sharpshooters
  2 wretched stars (Abyss:3)
  2 cherubim (Abyss:3)
  4 goliath frogs
  4 salamander mystics (Snake:4)
  A sixfirhy (Lair:5)
  A spatial maelstrom (Abyss:3)
  A spriggan druid (Swamp:2)
  2 deep trolls (D:15)
  Pikel (D:6)
  9 naga ritualists
  An obsidian statue (Orc:1)
  An anaconda skeleton (Abyss:3)
  3 wizards
  7 orc knights
  2 necromancers
  9 ugly things
  3 cyclopes
  13 mana vipers
  3 will-o-the-wisps
  6 deep elf pyromancers
  6 orc sorcerers
  An oklob plant (Lair:1)
  13 salamanders
  11 elephants
  9 manticores
  32 black mambas
  An ice statue (IceCv)
  12 naga magi
  6 orange demons
  2 smoke demons (Abyss:3)
  7 guardian serpents
  7 gargoyles
  2 torpor snails
  9 cane toads
  4 rime drakes
  A hellion (Abyss:3)
  An unseen horror (shapeshifter) (D:13)
  2 kobold demonologists (D:11)
  4 freezing wraiths
  A tormentor (Abyss:3)
  11 ice devils
  An unseen horror (D:12)
  8 komodo dragons
  An anaconda simulacrum (IceCv)
  2 ancient zymes (Abyss:3)
  10 trolls
  A merfolk (D:12)
  A hellwing (Lair:5)
  2 tyrant leeches
  6 meliai
  5 polar bears
  A queen bee (D:12)
  A meliai (shapeshifter) (D:15)
  12 raiju (Abyss:3)
  3 hornets (Swamp:2)
  8 blink frogs (Lair:4)
  11 slime creatures
  11 dream sheep
  5 flying skulls (Abyss:3)
  The ghost of wotkd0121004 the Sneak, an amateur OpEE (D:3)
  6 shadows
  3 spriggans (Swamp:2)
  A vampire (D:12)
  5 wyverns
  A ynoxinul (Abyss:3)
  8 large abominations (Abyss:3)
  50 yaks
  6 wraiths
  7 basilisks
  2 fire elementals (D:12)
  2 neqoxecs (Abyss:3)
  17 vampire mosquitoes
  2 chaos spawn (Abyss:3)
  3 death yak simulacra (IceCv)
  3 steam dragons
  5 harpy simulacra (IceCv)
  11 swamp worms
  2 acid dragons
  6 wargs (Orc:1)
  7 hell hounds
  A hydra simulacrum (IceCv)
  36 nagas
  16 water moccasins
  A swamp drake (Swamp:2)
  58 orc warriors
  13 wolves
  9 ogres
  An ogre (shapeshifter) (D:13)
  10 centaurs
  2 phantoms (D:5)
  4 kobold brigands
  12 bullfrogs
  A necrophage (D:6)
  2 scorpions
  2 two-headed ogre simulacra (IceCv)
  2 cane toad simulacra (IceCv)
  14 wights
  5 elephant simulacra (IceCv)
  30 killer bees
  4 electric eels
  5 small abominations (Abyss:3)
  9 howler monkeys
  5 starcursed masses (Abyss:3)
  9 hounds
  Crazy Yiuf (D:7)
  19 orc priests
  A gnoll bouda (Orc:1)
  2 iron imps (Abyss:3)
  3 iguanas
  27 orc wizards
  A hell rat (Lair:5)
  A troll simulacrum (IceCv)
  5 polar bear simulacra (IceCv)
  5 wolf simulacra (IceCv)
  4 gnolls
  9 adders
  6 river rats (Sewer)
  3 white imps
  5 ufetubi
  A dart slug (D:3)
  6 worms
  92 orcs
  12 ball pythons
  2 endoplasms
  10 giant cockroaches
  2 goblins
  7 hobgoblins
  5 jackals
  11 quokkas
  7 bats
  2 frilled lizards
  13 kobolds
  5 rats
  3 starspawn tentacles (Abyss:3)
1119 creatures vanquished.

Vanquished Creatures (others)
  The ghost of CabbageHands the Fencer, an adept DjGl of Gozag (Snake:3)
  A nagaraja (Snake:2)
  A naga sharpshooter (Snake:4)
  A large abomination (Abyss:3)
  3 black mambas
  A naga mage (Snake:3)
  2 bloated husks (Swamp:1)
  A raiju (Abyss:3)
  A swamp worm (Swamp:1)
  An orc warrior (Bailey)
  An orc priest (Orc:2)
  An orc wizard (D:9)
  An orc (Orc:2)
  A butterfly (D:4)
  18 foxfires
  17 fungi
  47 plants
  7 starspawn tentacles (Abyss:3)
  20 withered plants
126 creatures vanquished.

Grand Total: 1245 creatures vanquished

Notes
Turn   | Place    | Note
-------+----------+-------------------------------------------
     0 | D:1      | p00ps00p the Hill Orc Fighter began the quest for the Orb.
     0 | D:1      | Reached XP level 1. HP: 19/19 MP: 1/1
    47 | D:1      | Reached skill level 3 in Axes
    47 | D:1      | Reached XP level 2. HP: 19/27 MP: 2/2
   366 | D:1      | Reached XP level 3. HP: 33/33 MP: 3/3
   777 | D:2      | Found a white marble altar of Elyvilon.
  1402 | D:3      | Reached XP level 4. HP: 40/40 MP: 4/4
  1641 | D:3      | Found a runed translucent door.
  1646 | D:3      | Noticed wotkd0121004's ghost (amateur OpEE)
  1943 | D:3      | Found a sacrificial altar of Ru.
  2134 | D:3      | Killed wotkd0121004's ghost
  2135 | D:3      | Reached skill level 5 in Fighting
  2135 | D:3      | Reached skill level 4 in Axes
  2135 | D:3      | Reached XP level 5. HP: 37/48 MP: 5/5
  2135 | D:3      | Reached XP level 6. HP: 44/56 MP: 6/6
  2305 | D:4      | Found a glowing drain.
  2370 | Sewer    | Entered a sewer
  2998 | Sewer    | Reached skill level 5 in Axes
  3324 | Sewer    | Reached skill level 5 in Armour
  3779 | D:4      | Found a blossoming altar of Fedhas.
  3800 | D:4      | Found a white marble altar of Elyvilon.
  3835 | D:4      | Reached skill level 5 in Shields
  3950 | D:4      | Reached XP level 7. HP: 61/61 MP: 7/7
  4301 | D:4      | Found an opulent altar of Gozag.
  4521 | D:4      | Became a worshipper of Gozag Ym Sagoz the Greedy
  4538 | D:5      | Entered Level 5 of the Dungeon
  4740 | D:5      | Found a hazy altar of Hepliaklqana.
  4957 | D:5      | Reached skill level 6 in Axes
  5006 | D:5      | Found a broken altar of Ashenzari.
  5486 | D:5      | Reached XP level 8. HP: 61/71 MP: 8/8
  5898 | D:6      | Noticed Pikel
  5916 | D:6      | Killed Pikel
  5917 | D:6      | Reached skill level 7 in Axes
  5927 | D:6      | Identified a scroll of acquirement
  5927 | D:6      | Acquired the ring "Uckirch" {rN+ Stlth+}
  6190 | D:6      | Found Xeriyvazov's Weapon Boutique.
  6198 | D:6      | Bought 3 silver javelins for 86 gold pieces
  6315 | D:6      | Found a hide-covered altar of Uskayaw.
  6315 | D:6      | Found a stormy altar of Qazlal.
  6316 | D:6      | Found a shimmering altar of Xom.
  6318 | D:6      | Found an ancient bone altar of Kikubaaqudgha.
  6318 | D:6      | Found a basalt altar of Yredelemnul.
  6321 | D:6      | Found a radiant altar of Vehumet.
  6321 | D:6      | Found a shadowy altar of Dithmenos.
  6323 | D:6      | Found an iron altar of Okawaru.
  6330 | D:6      | Reached XP level 9. HP: 79/79 MP: 9/9
  6526 | D:7      | Reached skill level 8 in Axes
  6648 | D:7      | Found Buxeran's Bounteous Boutique.
  6845 | D:7      | Bought a +0 broad axe for 56 gold pieces
  6845 | D:7      | Bought a potion of brilliance for 56 gold pieces
  6845 | D:7      | Bought a scroll of blinking for 105 gold pieces
  6845 | D:7      | Bought a potion of berserk rage for 70 gold pieces
  6845 | D:7      | Bought a scroll of brand weapon for 133 gold pieces
  6845 | D:7      | Bought a +0 pair of boots for 63 gold pieces
  6893 | D:7      | Found a staircase to the Ecumenical Temple.
  6904 | D:7      | Found a sparkling altar of Nemelex Xobeh.
  7305 | D:7      | Found a runed translucent door.
  7308 | D:7      | Noticed Crazy Yiuf
  7498 | D:7      | Killed Crazy Yiuf
  7728 | D:8      | Noticed a two-headed ogre
  7742 | D:8      | Killed a two-headed ogre
  7743 | D:8      | Reached skill level 9 in Axes
  7764 | D:8      | Reached XP level 10. HP: 24/91 MP: 10/10
  8103 | D:8      | Noticed a gargoyle
  8110 | D:8      | Killed a gargoyle
  8179 | D:8      | Found Nizupos's Magic Scroll Shop.
  8384 | D:8      | Noticed a two-headed ogre
  8393 | D:8      | Killed a two-headed ogre
  8394 | D:8      | Reached skill level 10 in Axes
  8817 | D:8      | You fall into a shaft and drop 3 floors!
  8884 | D:11     | Reached skill level 10 in Fighting
  8994 | D:11     | Noticed a manticore
  8996 | D:10     | Entered Level 10 of the Dungeon
  9067 | D:10     | Reached skill level 11 in Axes
  9225 | D:10     | Reached XP level 11. HP: 101/101 MP: 11/11
  9390 | D:10     | Found a flagged portal.
  9437 | Bailey   | Entered a bailey
  9771 | Bailey   | Reached skill level 10 in Armour
  9939 | Bailey   | Reached skill level 10 in Shields
 11509 | D:9      | Found a runed translucent gate.
 11509 | D:9      | Found a runed translucent gate.
 11509 | D:9      | Found a runed translucent gate.
 11527 | D:9      | Noticed sirJeffrey23's ghost (journeyman FoFi)
 11527 | D:9      | Noticed a ten-headed hydra
 11527 | D:9      | Noticed an 11-headed hydra
 11602 | D:9      | Reached skill level 12 in Axes
 11717 | D:9      | Noticed a two-headed ogre
 11727 | D:9      | Killed a two-headed ogre
 11892 | D:9      | Noticed a two-headed ogre
 11910 | D:9      | Killed a two-headed ogre
 11996 | D:9      | Found a staircase to the Lair.
 12327 | D:9      | Found an ornate altar of the Wu Jian Council.
 13198 | D:1      | Bought a slimy lead ring for 110 gold pieces
 13198 | D:1      | Identified the ring "Fodyst" {rF- rC+ Dex+6 Stlth+} (You
                  | bought it in a shop on level 1 of the Dungeon)
 13198 | D:1      | Bought a scroll of fear for 88 gold pieces
 13198 | D:1      | Bought a scroll of teleportation for 66 gold pieces
 13564 | D:10     | Reached XP level 12. HP: 112/112 MP: 12/12
 13907 | D:8      | Bought a scroll of acquirement for 676 gold pieces
 13907 | D:8      | Bought a scroll of teleportation for 39 gold pieces
 13907 | D:8      | Acquired a scarf of shadows
 14127 | D:11     | Found a staircase to the Orcish Mines.
 14153 | Orc:1    | Entered Level 1 of the Orcish Mines
 14153 | Orc:1    | Noticed Gastronok
 14173 | Orc:1    | Killed Gastronok
 14202 | Orc:1    | Reached skill level 13 in Axes
 14218 | Orc:1    | Found a runed translucent gate.
 14224 | Orc:1    | Found a runed translucent gate.
 14224 | Orc:1    | Found an opulent altar of Gozag.
 14225 | Orc:1    | Found a runed translucent gate.
 14226 | Orc:1    | Noticed greasedhog's ghost (journeyman OgFi)
 14228 | Orc:1    | Found Kapox's Assorted Antiques.
 14350 | Orc:1    | Found Pokhleher's Armour Emporium.
 14356 | Orc:1    | Bought a +3 ring mail of cold resistance for 390 gold
                  | pieces
 14397 | Orc:1    | Found a frozen archway.
 14426 | IceCv    | Entered an ice cave
 15850 | IceCv    | Reached skill level 14 in Axes
 15988 | IceCv    | Identified the ring "Idghun" {rN+ rCorr Str+6 Int+2}
 16106 | IceCv    | Reached XP level 13. HP: 113/122 MP: 13/13
 16453 | IceCv    | Found an ancient bone altar of Kikubaaqudgha.
 18045 | Orc:1    | Found Efotumi's Distillery.
 18055 | Orc:1    | Bought a potion of curing for 30 gold pieces
 18055 | Orc:1    | Bought a potion of curing for 30 gold pieces
 18055 | Orc:1    | Bought a potion of curing for 30 gold pieces
 18055 | Orc:1    | Bought a potion of might for 40 gold pieces
 18055 | Orc:1    | Bought a potion of heal wounds for 50 gold pieces
 18055 | Orc:1    | Bought a potion of curing for 30 gold pieces
 18055 | Orc:1    | Bought a potion of heal wounds for 50 gold pieces
 18138 | Orc:1    | Noticed an orc warlord
 18238 | D:11     | Killed an orc warlord
 18597 | Orc:1    | Found Vuzahav's Armour Shoppe.
 18605 | Orc:1    | Bought a +2 pair of boots of flying for 322 gold pieces
 18672 | Orc:1    | Noticed an orc warlord
 18704 | Orc:1    | Reached skill level 15 in Armour
 19421 | Orc:2    | Entered Level 2 of the Orcish Mines
 19431 | Orc:2    | Found an iron altar of Okawaru.
 19467 | Orc:1    | Reached skill level 15 in Axes
 19611 | Orc:2    | Paralysed by an ogre mage for 5 turns
 19916 | Orc:2    | Paralysed by something for 4 turns
 20088 | Orc:2    | Noticed an orc warlord
 20168 | Orc:1    | Killed an orc warlord
 20169 | Orc:1    | Reached XP level 14. HP: 120/133 MP: 14/14
 20563 | Orc:2    | Found a roughly hewn altar of Beogh.
 20574 | Orc:2    | Found Jeappago's Antique Armour Shop.
 20583 | Orc:2    | Bought a shiny buckler for 202 gold pieces
 20671 | Orc:2    | Found Tul Oroe's Book Shop.
 20734 | Orc:2    | Found Vethui's Antique Weapon Shop.
 20800 | Orc:2    | Found a staircase to the Elven Halls.
 20894 | Orc:2    | Found Loew's General Store.
 20900 | Orc:2    | Bought a potion of haste for 150 gold pieces
 20900 | Orc:2    | Bought a potion of curing for 45 gold pieces
 21189 | Orc:1    | Killed an orc warlord
 21190 | Orc:1    | Reached skill level 16 in Axes
 21410 | Orc:1    | Identified the +1 plate armour of the Blizzard {rElec Dex+2
                  | SInv}
 21573 | Orc:1    | Killed greasedhog's ghost
 21574 | Orc:1    | Reached skill level 15 in Fighting
 21688 | Orc:1    | Bought a gold wand for 156 gold pieces
 21688 | Orc:1    | Bought a pair of embroidered gloves for 292 gold pieces
 21688 | Orc:1    | Bought a scroll of magic mapping for 292 gold pieces
 22270 | D:11     | Acquired the +2 pair of boots of Zinohux {Regen+}
 23096 | D:12     | Noticed Azrael
 23116 | D:12     | Killed Azrael
 23736 | D:12     | Noticed a fire giant
 23742 | D:12     | Noticed a frost giant
 24271 | D:12     | Killed a fire giant
 24296 | D:12     | Killed a frost giant
 25135 | D:13     | Found a gate to the Vaults.
 25148 | D:13     | Reached skill level 17 in Axes
 25237 | D:13     | Found an ancient bone altar of Kikubaaqudgha.
 25289 | D:13     | Reached XP level 15. HP: 143/143 MP: 6/15
 26153 | D:14     | Noticed Nessos
 26171 | D:14     | Killed Nessos
 26405 | D:14     | Noticed Rupert
 26429 | D:14     | Killed Rupert
 26544 | D:14     | Reached skill level 15 in Shields
 27699 | D:15     | Entered Level 15 of the Dungeon
 27706 | D:15     | Bought a +2 hat of willpower for 315 gold pieces
 27948 | D:15     | Found a staircase to the Depths.
 28371 | D:15     | Reached skill level 18 in Axes
 28966 | Lair:1   | Entered Level 1 of the Lair of Beasts
 29271 | Lair:1   | Identified the +3 sling "Afagok" {freeze, rPois rC+}
 29313 | Lair:1   | Found a sparkling altar of Nemelex Xobeh.
 30213 | Lair:2   | Found a staircase to the Swamp.
 30606 | Lair:2   | Reached XP level 16. HP: 155/155 MP: 10/16
 31325 | Lair:3   | Bought a scroll of fear for 156 gold pieces
 31325 | Lair:3   | Bought a glowing purple potion for 35 gold pieces
 31325 | Lair:3   | Bought a scroll of enchant armour for 292 gold pieces
 31562 | Lair:3   | Found a staircase to the Snake Pit.
 32350 | Lair:4   | Found a gate leading to a gauntlet.
 32396 | Lair:4   | Identified the +9 trident "Neeczer" {pain, rElec rF- rC++
                  | Dex+3}
 32457 | Gauntlet | Entered a Gauntlet
 32457 | Gauntlet | Found a transporter.
 32474 | Gauntlet | Found a transporter.
 32486 | Gauntlet | Found a transporter.
 32490 | Gauntlet | Found a large runed translucent door.
 32490 | Gauntlet | Found a large runed translucent door.
 32492 | Gauntlet | Found a large runed translucent door.
 32492 | Gauntlet | Found a large runed translucent door.
 32492 | Gauntlet | Found a large runed translucent door.
 32493 | Gauntlet | Found a runed translucent door.
 32494 | Gauntlet | Found a transporter.
 32495 | Gauntlet | Found a runed translucent door.
 32496 | Gauntlet | Found a large runed translucent door.
 32496 | Gauntlet | Found a large runed translucent door.
 32496 | Gauntlet | Found a large runed translucent door.
 32497 | Gauntlet | Found a large runed translucent door.
 32498 | Gauntlet | Found a large runed translucent door.
 32505 | Gauntlet | Found a large runed translucent door.
 32505 | Gauntlet | Found a large runed translucent door.
 32506 | Gauntlet | Found a large runed translucent door.
 32506 | Gauntlet | Found a large runed translucent door.
 32506 | Gauntlet | Found a large runed translucent door.
 32506 | Gauntlet | Found a large runed translucent door.
 32510 | Gauntlet | Found a runed translucent gate.
 32510 | Gauntlet | Found a runed translucent gate.
 32510 | Gauntlet | Found a runed translucent gate.
 32512 | Gauntlet | Found a transporter.
 32532 | Gauntlet | Found a transporter.
 32544 | Gauntlet | Found a transporter.
 32556 | Gauntlet | Found a transporter.
 32568 | Gauntlet | Found a transporter.
 32580 | Gauntlet | Found a transporter.
 32598 | Gauntlet | Found a transporter.
 32619 | Gauntlet | Found a transporter.
 32621 | Gauntlet | Found a transporter.
 32656 | Gauntlet | Found a transporter.
 32658 | Gauntlet | Found a transporter.
 32658 | Gauntlet | Found a transporter.
 32690 | Gauntlet | Found a transporter.
 32692 | Gauntlet | Found a transporter.
 32780 | Gauntlet | Identified the amulet "Helosk" {Acrobat Harm rElec Int-2
                  | Slay-3}
 32864 | Gauntlet | Identified the ring of Byuschikix {Fly rF+ Int+2}
 32915 | Gauntlet | Got Sif Muna's Spellbook of Filth and the Boulder
 33216 | Lair:4   | You fall into a shaft and drop 1 floor!
 33216 | Lair:5   | Entered Level 5 of the Lair of Beasts
 33692 | Lair:5   | Reached skill level 19 in Axes
 34032 | Lair:5   | Found a burning altar of Makhleb.
 34206 | Lair:5   | Found a gateway to Hell.
 35170 | Lair:4   | Found a staircase to the Slime Pits.
 35555 | D:9      | Killed sirJeffrey23's ghost
 35963 | D:15     | Bought a runed kite shield for 277 gold pieces
 36222 | Snake:1  | Entered Level 1 of the Snake Pit
 36754 | Snake:1  | Reached XP level 17. HP: 161/165 MP: 9/17
 36965 | Snake:1  | Noticed Nikola
 36983 | Snake:1  | Killed Nikola
 37121 | Snake:1  | Found Ydusch's Assorted Antiques.
 37123 | Snake:1  | Found Jaraekocs's Jewellery Emporium.
 37123 | Snake:1  | Found Xomaacla's Distillery.
 37128 | Snake:1  | Found Wydodd's Assorted Antiques.
 37134 | Snake:1  | Bought a potion of heal wounds for 170 gold pieces
 37134 | Snake:1  | Bought a scroll labelled GUTTUOSTOPE for 34 gold pieces
 37137 | Snake:1  | Bought a potion of curing for 54 gold pieces
 37137 | Snake:1  | Bought a potion of curing for 54 gold pieces
 37137 | Snake:1  | Bought a potion of heal wounds for 90 gold pieces
 37137 | Snake:1  | Bought a potion of curing for 54 gold pieces
 38388 | Snake:2  | Reached skill level 20 in Axes
 38948 | Snake:2  | You fall into a shaft and drop 1 floor!
 40205 | Snake:3  | Noticed CabbageHands's ghost (adept DjGl)
 40295 | Snake:3  | Found a runed translucent gate.
 40296 | Snake:3  | Found a runed translucent gate.
 40297 | Snake:3  | Found a runed translucent gate.
 40329 | Snake:3  | Identified the +8 spear "Ughaakk" {vorpal, rN++ Dex+2}
 40842 | Snake:3  | Killed CabbageHands's ghost
 41175 | Snake:4  | Entered Level 4 of the Snake Pit
 41268 | Snake:4  | Found Ruoreim's Distillery.
 41281 | Snake:4  | Reached XP level 18. HP: 176/176 MP: 13/18
 41662 | D:15     | Bought the +0 mask of the Dragon {Will+ Slay+3 SInv} for
                  | 1235 gold pieces
 41662 | D:15     | Found the +0 mask of the Dragon {Will+ Slay+3 SInv}
 42435 | Snake:4  | Reached skill level 21 in Axes
 42745 | Snake:4  | Got a serpentine rune of Zot
 43313 | Snake:4  | Noticed Vashnia
 43327 | Snake:4  | Killed Vashnia
 43563 | Snake:4  | Noticed Asterion
 43566 | Snake:4  | Gained mutation: Your magical capacity is low. (-10% MP) [a
                  | cacodemon]
 43577 | Snake:4  | Killed Asterion
 43854 | Swamp:1  | Entered Level 1 of the Swamp
 44437 | Swamp:2  | Noticed Hubris850's ghost (journeyman MiGl)
 44437 | Swamp:2  | Found a transporter.
 44437 | Swamp:2  | Found a one-way gate to the infinite horrors of the Abyss.
 44992 | Swamp:2  | Paralysed by a fenstrider witch for 4 turns
 45152 | Swamp:2  | Found a transporter.
 45523 | Abyss:3  | Cast into level 3 of the Abyss (spriggan druid)
 45708 | Abyss:3  | Reached XP level 19. HP: 133/187 MP: 1/17
 45716 | Abyss:3  | Noticed a juggernaut
 45734 | Abyss:3  | Killed a juggernaut
 45749 | Abyss:3  | Found a glowing golden altar of the Shining One.
 45768 | Abyss:3  | Got an abyssal rune of Zot
 45851 | Abyss:3  | Reached skill level 22 in Axes
 45911 | Swamp:2  | Escaped the Abyss
 45914 | Swamp:2  | Slain by a white very ugly thing

Illustrated notes

Levels and vault maps discovered:
D:1:      onia_arrival_mini_spirals, layout_loops_ring, nicolae_grassy_gnolls
D:2:      layout_basic, basic_altar, kennysheep_path_1, minmay_between
D:3:      layout_basic, lemuel_tele_altar, gammafunk_ghost_grave
D:4:      layout_cave_pods, lemuel_round_altar, grunt_gozag_breadcrumbs,
          nicolae_elyvilon_peaceful_grove, gup_sewer_entry_pipe
D:5:      layout_basic, mainiacjoe_overflow_catwalk,
          ashenzari_conservatory_becter, glass_columns_a
D:6:      layout_rooms, grunt_temple_overflow_open, serial_shops,
          shop_fountains, minivault_5, uniq_pikel
D:7:      layout_loops_ring, nemelex_xobeh_ov_fountains_minmay,
          minmay_temple_entry_stoned_glass, hangedman_decor_opposing,
          nicolae_alphabet_shops, uniq_crazy_yiuf_cottage
D:8:      layout_loops_ring, serial_shops, nicolae_shop_hallway_plus
D:9:      layout_stronghold, nicolae_wu_jian_immortal_techniques,
          erik_lair_island, gammafunk_ghost_hydra_chop, grunt_decor_arrowhead,
          nicolae_underground_beach
D:10:     layout_loops_corners, enter_bailey_8, st_stairs_12
D:11:     layout_irregular_city, orc_0_dummy, kennysheep_small_circle
D:12:     regret_index_wax_grids, layout_basic, hangedman_fish_farm, uniq_azrael
D:13:     layout_irregular_city, david_vaults_5, kiku_gazebo_garden_becter
D:14:     layout_basic, abandoned_shop, uniq_nessos, uniq_rupert
D:15:     hangedman_depths_entry_civil_slaughter, layout_long_grid,
          minmay_misc_feat_roman
Lair:1:   layout_roguey, lemuel_oklob_altar, grunt_megastairs_2
Lair:2:   layout_chaotic_city, swamp_mist, serial_bayou_lagoon_b,
          serial_bayou_shore_a, lemuel_fruit_tree
Lair:3:   layout_long_grid, minmay_snake_entry_guardpost_medium,
          kennysheep_basilisk_garden
Lair:4:   layout_big_grid, dpeg_slime_entry_enclosed, gauntlet_entry_generic,
          grunt_megastairs_4
Lair:5:   evil_forest, layout_regular_city, st_stairs_7,
          infiniplex_staircase_pool
Swamp:1:  layout_falls_marsh, hangedman_swamp_ruin_wall
Swamp:2:  nicolae_swamp_ascending_descending, layout_basic_swamp,
          gammafunk_ghost_abyssal_escape, evilmike_swamp_ruin_house_3,
          swamp_pool3
Snake:1:  layout_layer_cave, minmay_shoptagon, uniq_nikola
Snake:2:  layout_layer_cave, grunt_ministairs_14
Snake:3:  layout_cave_pods, gammafunk_ghost_split
Snake:4:  johnstein_snake_rune_scales, layout_cave_town, serial_shops,
          nicolae_shop_statue_plus, uniq_vashnia, uniq_asterion
Orc:1:    layout_caves, ebering_ghost_gozag, serial_shops, shop,
          nicolae_shop_behind_doors, nicolae_shop_crystal, portal_ice_cave_rime,
          minmay_orc_treasury, uniq_gastronok
Orc:2:    grunt_orc_cross, layout_caves, okawaru_metal_pillars_3

Skill      XL: |  1  2  3  4  5  6  7  8  9 10 11 12 13 14 15 16 17 18 19 |
---------------+----------------------------------------------------------+-----
Axes           | 3 4 5 6 7 9 11 12 14 15 17 18 19 20 21 22 | 22.1
Fighting       | 4 5 6 7 9 10 11 13 14 15 17 18 19 20 | 20.6
Armour         | 4 5 6 8 9 11 13 16 17 18 19 20 | 20.9
Shields        | 4 5 6 8 9 10 12 13 14 15 16 17 18 19 | 19.1

Action                   |  1- 3 |  4- 6 |  7- 9 | 10-12 | 13-15 | 16-18 | 19-21 || total
-------------------------+-------+-------+-------+-------+-------+-------+-------++-------
Melee: War axe           |    81 |   184 |   152 |       |     2 |    28 |       ||   447
       Broad axe         |       |       |    59 |   635 |  1093 |  1123 |    99 ||  3009
Throw: Javelin           |       |       |       |       |       |     2 |       ||     2
Invok: Call Merchant     |       |       |       |     1 |     2 |     2 |       ||     5
Evoke: Wand              |       |       |     3 |    34 |       |    10 |       ||    47
       Condenser vane    |       |       |       |       |     1 |       |       ||     1
  Use: Scroll            |       |    17 |     6 |    16 |    11 |     9 |     1 ||    60
       Potion            |       |     4 |     2 |     4 |     7 |     5 |       ||    22
 Stab: Distracted        |       |       |     2 |     3 |     2 |    14 |       ||    21
Armor: Scale mail        |    41 |   128 |    71 |    75 |       |       |       ||   315
       Crystal plate arm |       |       |       |   176 |   257 |       |       ||   433
       Ring mail         |       |       |       |   161 |    31 |       |       ||   192
       Plate armour      |       |       |       |       |   355 |   608 |    39 ||  1002
Dodge: Dodged            |    40 |   102 |    72 |   246 |   250 |   252 |    23 ||   985
Block: Buckler           |    23 |    67 |   107 |   541 |   620 |   298 |       ||  1656
       Reflection        |       |       |     1 |     4 |    37 |   162 |     4 ||   208
       Kite shield       |       |       |       |       |   293 |   186 |       ||   479
       Other             |       |       |       |       |     1 |       |       ||     1
       Tower shield      |       |       |       |       |       |   839 |   122 ||   961

Table legend: (Time is in decaauts)
 A = Elapsed time spent in this place.
 B = Non-inter-level travel time spent in this place.
 C = Inter-level travel time spent in this place.
 D = Time resting spent in this place.
 E = Time spent auto-exploring this place.
 F = Levels seen in this place.
 G = Mean time per level.
                   A        B        C        D        E       F      G
               +--------+--------+--------+--------+--------+-----+--------+
         Total |  46113 |  43046 |   3067 |   6483 |  25034 |  33 | 1397.4 |
       Dungeon |  19732 |  17637 |   2095 |   1411 |  12070 |  15 | 1315.5 |
          Lair |   6077 |   5594 |    483 |    130 |   4337 |   5 | 1215.4 |
         Swamp |   1777 |   1764 |     13 |      0 |   1171 |   2 |  888.5 |
     Snake Pit |   7010 |   6627 |    383 |    291 |   4918 |   4 | 1752.5 |
  Orcish Mines |   3681 |   3590 |     91 |   1243 |   1052 |   2 | 1840.5 |
         Abyss |    366 |    366 |      0 |      8 |      0 |   1 |  366.0 |
         Sewer |   1638 |   1638 |      0 |    384 |    514 |   1 | 1638.0 |
        Bailey |   1694 |   1694 |      0 |    427 |    696 |   1 | 1694.0 |
      Ice Cave |   3569 |   3569 |      0 |   2588 |    197 |   1 | 3569.0 |
      Gauntlet |    564 |    564 |      0 |      0 |     76 |   1 |  564.0 |
               +--------+--------+--------+--------+--------+-----+--------+

Top non-repeatable levels by time:
   IceCv: 3569 daAuts
   Orc:1: 2926 daAuts
    D:12: 2554 daAuts
 Snake:2: 2369 daAuts
 Snake:4: 1903 daAuts
     D:9: 1872 daAuts
    D:14: 1758 daAuts
  Bailey: 1694 daAuts
   Sewer: 1638 daAuts
  Lair:5: 1548 daAuts
 Snake:1: 1517 daAuts
    D:11: 1500 daAuts
     D:8: 1440 daAuts
    D:13: 1357 daAuts
  Lair:2: 1352 daAuts
